2109 views
Uploaded 2022-04-15 16:48:05
Game version 1.32.10
15:45 long 4on4 ladder game on (8)Deadlock_LV
Saved by GIGA
2109 views
Uploaded 2022-04-15 16:48:05
Game version 1.32.10
15:45 long 4on4 ladder game on (8)Deadlock_LV


150 units @ 15.2k
/ 1.5k
103 buildings @ 10k
/ 4.8k


| Lesser Clarity Potion | 2 | 140 |
| Healing Salve | 1 | 100 |
| Orb of Lightning | 1 | 375 |
| Scroll of Town Portal | 2 | 700 |
| total: | 6 | 1315g |
| Peon | 7 | 525 | / | 0 |
| Troll Headhunter | 5 | 700 | / | 100 |
| Kodo Beast | 4 | 1020 | / | 240 |
| total: | 16 | 2245g | / | 340w |
| Watch Tower | 2 | 220 | / | 160 |
| Altar of Storms | 1 | 180 | / | 50 |
| Orc Burrow | 3 | 480 | / | 120 |
| War Mill | 2 | 410 | / | 0 |
| Barracks | 1 | 180 | / | 50 |
| Voodoo Lounge | 1 | 130 | / | 30 |
| Beastiary | 1 | 145 | / | 140 |
| Spirit Lodge | 1 | 150 | / | 150 |
| Stronghold | 1 | 315 | / | 190 |
| Fortress | 1 | 325 | / | 190 |
| total: | 12 | 1895g | / | 700w |
| 0:05 | Peon |
| 0:05 | Peon |
| 0:08 | Altar of Storms |
| 0:14 | Orc Burrow |
| 0:27 | Peon |
| 0:49 | War Mill |
| 1:08 | Peon |
| 1:09 | Peon |
| 1:14 | Barracks |
| 1:21 | Peon |
| 2:01 | Voodoo Lounge |
| 2:05 | Peon |
| 2:15 | War Mill |
| 2:23 | Troll Headhunter |
| 2:28 | Healing Wave |
| 2:36 | Troll Headhunter |
| 3:11 | Stronghold |
| 3:23 | Lesser Clarity Potion |
| 3:24 | Lesser Clarity Potion |
| 3:26 | Healing Salve |
| 3:56 | Watch Tower |
| 4:01 | Orc Burrow |
| 4:04 | Steel Ranged Weapons |
| 4:49 | Orc Burrow |
| 5:22 | Troll Headhunter |
| 5:25 | Troll Headhunter |
| 5:59 | Rain of Fire |
| 6:13 | Watch Tower |
| 6:15 | Berserker Strength |
| 6:47 | Beastiary |
| 8:13 | Fortress |
| 8:17 | Steel Armor |
| 8:48 | Hex |
| 9:48 | Kodo Beast |
| 9:48 | Kodo Beast |
| 9:49 | Kodo Beast |
| 9:50 | Kodo Beast |
| 9:54 | Spirit Lodge |
| 10:00 | Cleaving Attack |
| 10:07 | Troll Regeneration |
| 10:08 | Troll Headhunter |
| 10:56 | Berserker Upgrade |
| 11:24 | Shaman Adept Training |
| 11:31 | Orb of Lightning |
| 11:32 | Scroll of Town Portal |
| 11:32 | Scroll of Town Portal |
| 12:08 | War Drums Damage Increase |
| Right click | 327 |
| Select | 159 |
| Chat | 99 |
| Build/train/purchase | 43 |
| Use ability | 19 |
| Select group | 16 |
| Misc. action | 10 |
| Assign group | 9 |
| Minimap ping | 2 |
| Item give/drop | 1 |

| Potion of Healing | 2 | 300 |
| Ivory Tower | 2 | 80 |
| Scroll of Town Portal | 1 | 350 |
| total: | 5 | 730g |
| Peasant | 11 | 825 | / | 0 |
| Rifleman | 12 | 2460 | / | 360 |
| total: | 23 | 3285g | / | 360w |
| Scout Tower | 9 | 270 | / | 180 |
| Arcane Tower | 1 | 70 | / | 50 |
| Guard Tower | 4 | 280 | / | 200 |
| Farm | 7 | 560 | / | 140 |
| Blacksmith | 1 | 140 | / | 60 |
| Barracks | 1 | 160 | / | 60 |
| Altar of Kings | 1 | 180 | / | 50 |
| Lumber Mill | 1 | 120 | / | 0 |
| Arcane Vault | 1 | 130 | / | 30 |
| Keep | 1 | 320 | / | 210 |
| total: | 21 | 1560g | / | 520w |
| 0:09 | Peasant |
| 0:09 | Peasant |
| 0:10 | Peasant |
| 0:10 | Peasant |
| 0:28 | Peasant |
| 0:59 | Farm |
| 1:02 | Peasant |
| 1:03 | Peasant |
| 1:03 | Peasant |
| 1:03 | Peasant |
| 1:27 | Blacksmith |
| 1:33 | Farm |
| 1:41 | Barracks |
| 1:45 | Peasant |
| 1:45 | Peasant |
| 2:08 | Altar of Kings |
| 2:19 | Farm |
| 2:31 | Scout Tower |
| 2:32 | Scout Tower |
| 2:33 | Scout Tower |
| 2:41 | Lumber Mill |
| 2:44 | Rifleman |
| 3:03 | Farm |
| 3:14 | Rifleman |
| 3:24 | Arcane Tower |
| 3:43 | Rifleman |
| 3:51 | Improved Lumber Harvesting |
| 3:55 | Guard Tower |
| 4:01 | Farm |
| 4:09 | Guard Tower |
| 4:14 | Storm Bolt |
| 4:20 | Rifleman |
| 5:09 | Rifleman |
| 5:16 | Arcane Vault |
| 5:29 | Improved Masonry |
| 5:31 | Rifleman |
| 6:03 | Scout Tower |
| 6:07 | Scout Tower |
| 7:11 | Rifleman |
| 7:12 | Rifleman |
| 7:38 | Keep |
| 7:41 | Rifleman |
| 7:47 | Farm |
| 7:59 | Scout Tower |
| 7:59 | Scout Tower |
| 8:00 | Scout Tower |
| 8:02 | Scout Tower |
| 8:05 | Farm |
| 8:19 | Black Gunpowder |
| 8:19 | Studded Leather Armor |
| 8:35 | Bash |
| 9:39 | Rifleman |
| 9:39 | Rifleman |
| 9:43 | Guard Tower |
| 9:51 | Guard Tower |
| 10:06 | Advanced Masonry |
| 10:21 | Rifleman |
| 10:26 | Refined Gunpowder |
| 10:55 | Scroll of Town Portal |
| 10:55 | Potion of Healing |
| 11:48 | Potion of Healing |
| 11:50 | Ivory Tower |
| 11:51 | Ivory Tower |
| Right click | 254 |
| Select group | 177 |
| Select | 166 |
| Chat | 49 |
| Build/train/purchase | 47 |
| Misc. action | 27 |
| Assign group | 11 |
| Use ability | 8 |
| Resource trade | 8 |
| Remove unit | 4 |
| Minimap ping | 4 |
GIGA
(207)
(15:44) : 


| Peasant | 29 | 2175 | / | 0 |
| Footman | 7 | 945 | / | 0 |
| Flying Machine | 9 | 900 | / | 270 |
| Wisp | 4 | 240 | / | 0 |
| total: | 49 | 4260g | / | 270w |
| Scout Tower | 37 | 1110 | / | 740 |
| Arcane Tower | 3 | 210 | / | 150 |
| Guard Tower | 8 | 560 | / | 400 |
| Altar of Kings | 1 | 180 | / | 50 |
| Farm | 7 | 560 | / | 140 |
| Lumber Mill | 1 | 120 | / | 0 |
| Town Hall | 2 | 770 | / | 410 |
| Blacksmith | 1 | 140 | / | 60 |
| Barracks | 1 | 160 | / | 60 |
| Arcane Vault | 1 | 130 | / | 30 |
| Workshop | 3 | 420 | / | 420 |
| Keep | 1 | 320 | / | 210 |
| Castle | 1 | 360 | / | 210 |
| Chimaera Roost | 3 | 420 | / | 570 |
| total: | 57 | 4010g | / | 2480w |
| 0:03 | Peasant |
| 0:03 | Peasant |
| 0:08 | Altar of Kings |
| 0:12 | Farm |
| 0:13 | Farm |
| 0:25 | Peasant |
| 0:31 | Lumber Mill |
| 0:35 | Peasant |
| 0:40 | Peasant |
| 0:55 | Peasant |
| 1:06 | Farm |
| 1:21 | Peasant |
| 1:21 | Peasant |
| 1:34 | Improved Lumber Harvesting |
| 1:36 | Peasant |
| 1:50 | Peasant |
| 2:02 | Peasant |
| 2:12 | Summon Water Elemental |
| 3:18 | Brilliance Aura |
| 3:26 | Town Hall |
| 3:35 | Peasant |
| 3:35 | Peasant |
| 3:35 | Peasant |
| 3:41 | Scout Tower |
| 3:42 | Scout Tower |
| 3:43 | Scout Tower |
| 3:44 | Scout Tower |
| 3:44 | Scout Tower |
| 3:45 | Scout Tower |
| 4:15 | Peasant |
| 4:15 | Peasant |
| 4:19 | Blacksmith |
| 4:22 | Peasant |
| 4:36 | Peasant |
| 4:39 | Scout Tower |
| 4:40 | Scout Tower |
| 4:41 | Scout Tower |
| 4:42 | Scout Tower |
| 4:43 | Scout Tower |
| 4:44 | Scout Tower |
| 4:44 | Scout Tower |
| 4:46 | Peasant |
| 5:17 | Keep |
| 5:23 | Peasant |
| 5:24 | Peasant |
| 5:32 | Arcane Tower |
| 5:39 | Barracks |
| 5:48 | Guard Tower |
| 5:57 | Arcane Vault |
| 6:11 | Guard Tower |
| 6:33 | Guard Tower |
| 6:38 | Guard Tower |
| 6:39 | Arcane Tower |
| 6:42 | Arcane Tower |
| 7:01 | Black Gunpowder |
| 7:03 | Footman |
| 7:04 | Footman |
| 7:05 | Footman |
| 7:07 | Farm |
| 7:07 | Farm |
| 7:10 | Guard Tower |
| 7:41 | Footman |
| 8:05 | Castle |
| 8:19 | Guard Tower |
| 8:25 | Scout Tower |
| 8:25 | Scout Tower |
| 8:26 | Scout Tower |
| 8:27 | Scout Tower |
| 8:28 | Scout Tower |
| 8:28 | Scout Tower |
| 8:30 | Scout Tower |
| 8:39 | Town Hall |
| 8:48 | Footman |
| 9:09 | Summon Water Elemental |
| 10:23 | Improved Masonry |
| 10:29 | Workshop |
| 10:32 | Workshop |
| 10:35 | Guard Tower |
| 10:43 | Holy Light |
| 11:11 | Peasant |
| 11:11 | Peasant |
| 11:14 | Refined Gunpowder |
| 11:16 | Defend |
| 11:16 | Footman |
| 11:17 | Footman |
| 12:02 | Peasant |
| 12:03 | Peasant |
| 12:05 | Scout Tower |
| 12:05 | Scout Tower |
| 12:08 | Scout Tower |
| 12:09 | Scout Tower |
| 12:11 | Scout Tower |
| 12:19 | Storm Bolt |
| 12:25 | Flying Machine |
| 12:25 | Flying Machine |
| 12:25 | Flying Machine |
| 12:26 | Flying Machine Bombs |
| 12:28 | Flak Cannons |
| 12:31 | Farm |
| 12:31 | Farm |
| 13:45 | Scout Tower |
| 13:46 | Scout Tower |
| 13:47 | Scout Tower |
| 13:53 | Scout Tower |
| 13:54 | Scout Tower |
| 13:55 | Scout Tower |
| 13:56 | Scout Tower |
| 13:56 | Scout Tower |
| 13:57 | Scout Tower |
| 13:58 | Scout Tower |
| 13:59 | Scout Tower |
| 14:00 | Scout Tower |
| 14:06 | Workshop |
| 14:33 | Chimaera Roost |
| 14:35 | Chimaera Roost |
| 14:36 | Chimaera Roost |
| 14:41 | Wisp |
| 14:42 | Wisp |
| 14:42 | Wisp |
| 14:42 | Wisp |
| 14:50 | Flying Machine |
| 14:50 | Flying Machine |
| 14:50 | Flying Machine |
| 14:50 | Flying Machine |
| 14:50 | Flying Machine |
| 14:50 | Flying Machine |
| 14:54 | Peasant |
| 14:54 | Peasant |
| 14:54 | Peasant |
| 14:54 | Peasant |
| 14:59 | Guard Tower |
| Right click | 581 |
| Select | 215 |
| Build/train/purchase | 91 |
| Select group | 49 |
| Chat | 39 |
| Resource trade | 38 |
| Misc. action | 25 |
| Assign group | 13 |
| Use ability | 6 |
| Minimap ping | 6 |
| Esc | 1 |

| Scroll of Town Portal | 1 | 350 |
| Alleria's Flute of Accuracy | 1 | 400 |
| Sobi Mask | 1 | 400 |
| total: | 3 | 1150g |
| Wisp | 48 | 2880 | / | 0 |
| Archer | 9 | 1170 | / | 90 |
| Druid of the Claw | 2 | 510 | / | 160 |
| Mountain Giant | 2 | 700 | / | 200 |
| Dryad | 1 | 145 | / | 60 |
| total: | 62 | 5405g | / | 510w |
| Moon Well | 5 | 900 | / | 200 |
| Ancient of War | 1 | 150 | / | 60 |
| Altar of Elders | 1 | 180 | / | 50 |
| Tree of Life | 2 | 680 | / | 370 |
| Hunter's Hall | 1 | 210 | / | 100 |
| Ancient of Wonders | 1 | 90 | / | 30 |
| Ancient of Lore | 2 | 310 | / | 290 |
| Tree of Ages | 1 | 320 | / | 180 |
| Tree of Eternity | 2 | 660 | / | 400 |
| total: | 13 | 2520g | / | 1100w |
| 0:01 | Wisp |
| 0:01 | Wisp |
| 0:17 | Moon Well |
| 0:19 | Wisp |
| 0:32 | Wisp |
| 0:45 | Ancient of War |
| 0:50 | Wisp |
| 1:00 | Altar of Elders |
| 1:03 | Wisp |
| 1:13 | Moon Well |
| 1:17 | Wisp |
| 1:25 | Wisp |
| 1:40 | Wisp |
| 1:45 | Archer |
| 1:47 | Wisp |
| 2:02 | Archer |
| 2:03 | Wisp |
| 2:13 | Archer |
| 2:21 | Pocket Factory |
| 2:25 | Wisp |
| 2:53 | Tree of Ages |
| 3:09 | Tree of Life |
| 3:57 | Engineering Upgrade |
| 4:01 | Hunter's Hall |
| 4:03 | Moon Well |
| 4:30 | Archer |
| 4:44 | Archer |
| 5:03 | Archer |
| 5:18 | Wisp |
| 5:19 | Wisp |
| 5:19 | Wisp |
| 5:19 | Wisp |
| 5:19 | Wisp |
| 5:19 | Wisp |
| 5:19 | Wisp |
| 5:19 | Wisp |
| 5:19 | Wisp |
| 5:19 | Wisp |
| 5:19 | Wisp |
| 5:19 | Wisp |
| 5:23 | Engineering Upgrade |
| 6:13 | Archer |
| 6:14 | Tree of Eternity |
| 6:17 | Improved Bows |
| 6:19 | Ancient of Lore |
| 6:19 | Ancient of Lore |
| 6:21 | Ancient of Wonders |
| 6:30 | Wisp |
| 6:30 | Wisp |
| 6:30 | Wisp |
| 6:30 | Wisp |
| 6:30 | Wisp |
| 6:30 | Wisp |
| 6:30 | Wisp |
| 6:30 | Wisp |
| 6:30 | Wisp |
| 6:30 | Wisp |
| 6:44 | Archer |
| 6:48 | Strength of the Wild |
| 6:51 | Archer |
| 7:23 | Tree of Life |
| 7:37 | Druid of the Claw Adept Training |
| 7:37 | Abolish Magic |
| 7:38 | Druid of the Claw |
| 7:55 | Moon Well |
| 7:56 | Moon Well |
| 8:43 | Alleria's Flute of Accuracy |
| 8:45 | Sobi Mask |
| 8:47 | Druid of the Claw Master Training |
| 9:13 | Cluster Rockets |
| 9:28 | Druid of the Claw |
| 9:59 | Improved Strength of the Wild |
| 10:00 | Reinforced Hides |
| 10:02 | Wisp |
| 10:02 | Wisp |
| 10:02 | Wisp |
| 10:11 | Hardened Skin |
| 10:32 | Scroll of Town Portal |
| 10:46 | Resistant Skin |
| 11:11 | Marksmanship |
| 11:19 | Mountain Giant |
| 11:25 | Wisp |
| 11:25 | Wisp |
| 11:26 | Wisp |
| 11:26 | Wisp |
| 11:26 | Wisp |
| 11:26 | Wisp |
| 11:26 | Wisp |
| 11:26 | Wisp |
| 11:26 | Wisp |
| 11:26 | Wisp |
| 11:26 | Wisp |
| 12:07 | Mountain Giant |
| 12:07 | Dryad |
| 13:04 | Advanced Strength of the Wild |
| 13:04 | Improved Reinforced Hides |
| 13:31 | Cluster Rockets |
| 13:34 | Mark of the Claw |
| 13:35 | Ultravision |
| Right click | 678 |
| Select group | 480 |
| Select | 334 |
| Misc. action | 313 |
| Build/train/purchase | 126 |
| Use ability | 44 |
| Chat | 35 |
| Assign group | 32 |
| Item give/drop | 1 |
| Esc | 1 |
| Minimap ping | 1 |
126 units @ 16.8k
/ 2.3k
64 buildings @ 9.7k
/ 3.7k


| Potion of Healing | 1 | 150 |
| Orb of Venom | 1 | 325 |
| total: | 2 | 475g |
| Wisp | 24 | 1440 | / | 0 |
| Archer | 6 | 780 | / | 60 |
| Mountain Giant | 4 | 1400 | / | 400 |
| total: | 34 | 3620g | / | 460w |
| Altar of Elders | 1 | 180 | / | 50 |
| Moon Well | 9 | 1620 | / | 360 |
| Ancient of War | 1 | 150 | / | 60 |
| Ancient of Wonders | 2 | 180 | / | 60 |
| Hunter's Hall | 1 | 210 | / | 100 |
| Tree of Life | 1 | 340 | / | 185 |
| Ancient of Lore | 2 | 310 | / | 290 |
| Tree of Ages | 1 | 320 | / | 180 |
| Tree of Eternity | 1 | 330 | / | 200 |
| total: | 17 | 2990g | / | 1105w |
| 0:01 | Wisp |
| 0:01 | Wisp |
| 0:06 | Altar of Elders |
| 0:08 | Wisp |
| 0:17 | Moon Well |
| 0:21 | Wisp |
| 0:34 | Ancient of War |
| 0:44 | Wisp |
| 0:44 | Wisp |
| 1:02 | Wisp |
| 1:15 | Wisp |
| 1:34 | Moon Well |
| 1:35 | Archer |
| 1:40 | Wisp |
| 1:52 | Archer |
| 1:54 | Wisp |
| 2:00 | Ancient of Wonders |
| 2:07 | Force of Nature |
| 2:28 | Archer |
| 2:28 | Wisp |
| 2:52 | Tree of Ages |
| 2:53 | Archer |
| 3:05 | Entangling Roots |
| 3:22 | Archer |
| 3:25 | Hunter's Hall |
| 3:47 | Archer |
| 4:21 | Ancient of Wonders |
| 4:23 | Moon Well |
| 4:25 | Moon Well |
| 4:27 | Force of Nature |
| 4:58 | Tree of Life |
| 5:32 | Tree of Eternity |
| 6:13 | Ancient of Lore |
| 6:23 | Ancient of Lore |
| 6:51 | Potion of Healing |
| 7:02 | Wisp |
| 7:03 | Wisp |
| 7:03 | Wisp |
| 7:03 | Wisp |
| 7:03 | Wisp |
| 7:56 | Hardened Skin |
| 8:05 | Wisp |
| 8:05 | Wisp |
| 8:06 | Wisp |
| 8:16 | Trueshot Aura |
| 8:19 | Orb of Venom |
| 8:33 | Resistant Skin |
| 9:13 | Mountain Giant |
| 9:16 | Wisp |
| 9:16 | Wisp |
| 9:16 | Wisp |
| 9:24 | Entangling Roots |
| 9:52 | Mountain Giant |
| 10:21 | Moon Well |
| 10:22 | Moon Well |
| 10:22 | Moon Well |
| 11:17 | Mountain Giant |
| 11:18 | Wisp |
| 11:19 | Wisp |
| 11:49 | Mountain Giant |
| 13:00 | Nature's Blessing |
| 13:03 | Strength of the Wild |
| 13:03 | Reinforced Hides |
| 13:15 | Searing Arrows |
| 14:21 | Force of Nature |
| 14:22 | Trueshot Aura |
| 14:33 | Improved Strength of the Wild |
| 14:34 | Well Spring |
| 14:34 | Ultravision |
| 14:58 | Moon Well |
| 14:59 | Moon Well |
| Right click | 599 |
| Select group | 306 |
| Select | 262 |
| Build/train/purchase | 71 |
| Misc. action | 53 |
| Use ability | 29 |
| Assign group | 26 |
| Resource trade | 15 |
| Item give/drop | 4 |
| Minimap ping | 3 |
| Remove unit | 2 |
| Esc | 1 |


| Scroll of Regeneration | 2 | 200 |
| Scroll of Town Portal | 1 | 350 |
| total: | 3 | 550g |
| Peasant | 13 | 975 | / | 0 |
| Rifleman | 10 | 2050 | / | 300 |
| Priest | 2 | 270 | / | 20 |
| Mortar Team | 2 | 360 | / | 140 |
| Sorceress | 2 | 310 | / | 40 |
| total: | 29 | 3965g | / | 500w |
| Scout Tower | 2 | 60 | / | 40 |
| Guard Tower | 1 | 70 | / | 50 |
| Farm | 10 | 800 | / | 200 |
| Altar of Kings | 1 | 180 | / | 50 |
| Blacksmith | 1 | 140 | / | 60 |
| Barracks | 1 | 160 | / | 60 |
| Town Hall | 1 | 385 | / | 205 |
| Arcane Vault | 1 | 130 | / | 30 |
| Lumber Mill | 1 | 120 | / | 0 |
| Arcane Sanctum | 1 | 150 | / | 140 |
| Workshop | 1 | 140 | / | 140 |
| Keep | 1 | 320 | / | 210 |
| Castle | 1 | 360 | / | 210 |
| total: | 20 | 2265g | / | 925w |
| 0:02 | Peasant |
| 0:02 | Peasant |
| 0:07 | Farm |
| 0:09 | Altar of Kings |
| 0:13 | Peasant |
| 0:35 | Peasant |
| 0:50 | Farm |
| 0:54 | Farm |
| 0:59 | Peasant |
| 1:35 | Blacksmith |
| 1:38 | Barracks |
| 1:40 | Peasant |
| 1:48 | Farm |
| 1:52 | Peasant |
| 2:08 | Peasant |
| 2:19 | Summon Water Elemental |
| 2:33 | Peasant |
| 2:54 | Peasant |
| 2:58 | Rifleman |
| 3:16 | Rifleman |
| 3:33 | Rifleman |
| 3:43 | Brilliance Aura |
| 4:05 | Town Hall |
| 4:23 | Farm |
| 4:33 | Peasant |
| 5:15 | Arcane Vault |
| 5:18 | Lumber Mill |
| 5:23 | Farm |
| 5:51 | Rifleman |
| 6:12 | Peasant |
| 6:12 | Peasant |
| 6:56 | Rifleman |
| 6:59 | Keep |
| 7:30 | Rifleman |
| 7:38 | Scroll of Regeneration |
| 7:52 | Black Gunpowder |
| 8:23 | Improved Masonry |
| 8:27 | Scout Tower |
| 8:28 | Scout Tower |
| 8:57 | Summon Water Elemental |
| 9:22 | Rifleman |
| 9:54 | Arcane Sanctum |
| 10:09 | Castle |
| 10:12 | Workshop |
| 10:14 | Refined Gunpowder |
| 10:16 | Guard Tower |
| 10:38 | Improved Lumber Harvesting |
| 10:40 | Long Rifles |
| 11:12 | Priest |
| 11:13 | Priest |
| 11:14 | Mortar Team |
| 11:24 | Rifleman |
| 11:57 | Scroll of Regeneration |
| 11:57 | Scroll of Town Portal |
| 12:08 | Rifleman |
| 12:20 | Rifleman |
| 13:02 | Fragmentation Shards |
| 13:04 | Priest Adept Training |
| 13:13 | Storm Bolt |
| 13:48 | Sorceress |
| 13:48 | Sorceress |
| 14:20 | Brilliance Aura |
| 14:22 | Bash |
| 14:30 | Farm |
| 14:30 | Farm |
| 14:31 | Farm |
| 14:31 | Farm |
| 15:14 | Mortar Team |
| 15:18 | Priest Master Training |
| Right click | 413 |
| Select | 229 |
| Select group | 138 |
| Build/train/purchase | 72 |
| Assign group | 30 |
| Resource trade | 26 |
| Misc. action | 22 |
| Use ability | 5 |


| Rod of Necromancy | 1 | 150 |
| total: | 1 | 150g |
| Acolyte | 3 | 225 | / | 0 |
| Ghoul | 6 | 720 | / | 0 |
| Crypt Fiend | 13 | 2795 | / | 520 |
| Obsidian Statue | 5 | 1000 | / | 175 |
| Abomination | 3 | 720 | / | 210 |
| total: | 30 | 5460g | / | 905w |
| Nerubian Tower | 3 | 300 | / | 60 |
| Altar of Darkness | 1 | 180 | / | 50 |
| Crypt | 1 | 200 | / | 50 |
| Ziggurat | 7 | 1050 | / | 350 |
| Tomb of Relics | 1 | 130 | / | 30 |
| Graveyard | 1 | 215 | / | 0 |
| Slaughterhouse | 1 | 140 | / | 135 |
| Halls of the Dead | 1 | 320 | / | 210 |
| Black Citadel | 1 | 325 | / | 230 |
| total: | 12 | 1915g | / | 615w |
| 0:03 | Acolyte |
| 0:03 | Acolyte |
| 0:09 | Altar of Darkness |
| 0:12 | Crypt |
| 0:25 | Ziggurat |
| 0:35 | Acolyte |
| 0:57 | Tomb of Relics |
| 1:17 | Ghoul |
| 1:28 | Graveyard |
| 1:39 | Ghoul |
| 1:56 | Ziggurat |
| 2:13 | Rod of Necromancy |
| 2:19 | Death Coil |
| 2:29 | Ghoul |
| 2:58 | Ghoul |
| 3:01 | Crypt Fiend |
| 3:35 | Crypt Fiend |
| 3:37 | Halls of the Dead |
| 3:54 | Nerubian Tower |
| 4:03 | Unholy Aura |
| 4:11 | Crypt Fiend |
| 4:21 | Nerubian Tower |
| 4:24 | Nerubian Tower |
| 4:45 | Ziggurat |
| 5:04 | Crypt Fiend |
| 5:04 | Crypt Fiend |
| 5:25 | Ziggurat |
| 5:27 | Ziggurat |
| 5:46 | Crypt Fiend |
| 7:11 | Death Coil |
| 7:37 | Black Citadel |
| 7:39 | Ziggurat |
| 8:16 | Silence |
| 8:30 | Slaughterhouse |
| 9:23 | Crypt Fiend |
| 9:23 | Web |
| 9:51 | Obsidian Statue |
| 9:57 | Unholy Aura |
| 10:23 | Ghoul |
| 10:23 | Ghoul |
| 10:25 | Obsidian Statue |
| 10:47 | Black Arrow |
| 11:15 | Crypt Fiend |
| 11:15 | Crypt Fiend |
| 11:18 | Creature Attack |
| 11:18 | Creature Carapace |
| 11:21 | Abomination |
| 11:21 | Abomination |
| 11:26 | Destroyer Form |
| 11:43 | Ziggurat |
| 12:19 | Crypt Fiend |
| 13:00 | Crypt Fiend |
| 13:07 | Abomination |
| 13:21 | Obsidian Statue |
| 13:30 | Crypt Fiend |
| 14:38 | Obsidian Statue |
| 14:39 | Disease Cloud |
| 14:41 | Improved Creature Attack |
| 14:41 | Improved Creature Carapace |
| 15:03 | Crypt Fiend |
| 15:21 | Death Coil |
| 15:28 | Obsidian Statue |
| 15:31 | Silence |
| Right click | 507 |
| Select | 248 |
| Assign group | 71 |
| Build/train/purchase | 61 |
| Select group | 49 |
| Use ability | 17 |
| Chat | 10 |
| Minimap ping | 8 |
| Misc. action | 7 |
| Remove unit | 5 |
| Resource trade | 5 |
| Item give/drop | 2 |



| Healing Salve | 1 | 100 |
| Scroll of Speed | 1 | 50 |
| Potion of Mana | 1 | 200 |
| Staff of Teleportation | 1 | 150 |
| Belt of Giant Strength +6 | 1 | 400 |
| Scourge Bone Chimes | 1 | 400 |
| total: | 6 | 1300g |
| Peon | 15 | 1125 | / | 0 |
| Troll Headhunter | 12 | 1680 | / | 240 |
| Shaman | 2 | 260 | / | 40 |
| Troll Witch Doctor | 2 | 290 | / | 50 |
| Demolisher | 2 | 440 | / | 100 |
| total: | 33 | 3795g | / | 430w |
| Watch Tower | 2 | 220 | / | 160 |
| Altar of Storms | 1 | 180 | / | 50 |
| Orc Burrow | 6 | 960 | / | 240 |
| War Mill | 1 | 205 | / | 0 |
| Barracks | 1 | 180 | / | 50 |
| Voodoo Lounge | 1 | 130 | / | 30 |
| Great Hall | 1 | 385 | / | 185 |
| Spirit Lodge | 2 | 300 | / | 300 |
| Stronghold | 1 | 315 | / | 190 |
| Fortress | 1 | 325 | / | 190 |
| total: | 15 | 2560g | / | 1015w |
| 0:01 | Peon |
| 0:02 | Peon |
| 0:10 | Altar of Storms |
| 0:19 | Orc Burrow |
| 0:27 | Peon |
| 0:44 | Peon |
| 0:48 | War Mill |
| 1:04 | Barracks |
| 1:08 | Peon |
| 1:20 | Peon |
| 1:36 | Peon |
| 1:46 | Orc Burrow |
| 2:03 | Voodoo Lounge |
| 2:06 | Troll Headhunter |
| 2:15 | Feral Spirit |
| 2:22 | Troll Headhunter |
| 2:47 | Troll Headhunter |
| 2:51 | Orc Burrow |
| 3:22 | Troll Headhunter |
| 4:04 | Great Hall |
| 4:12 | Chain Lighting |
| 4:12 | Troll Headhunter |
| 4:17 | Steel Ranged Weapons |
| 4:42 | Troll Headhunter |
| 4:47 | Stronghold |
| 5:00 | Staff of Teleportation |
| 5:13 | Watch Tower |
| 5:32 | Troll Headhunter |
| 5:49 | Troll Headhunter |
| 5:53 | Orc Burrow |
| 6:10 | Troll Headhunter |
| 6:31 | Watch Tower |
| 6:43 | Feral Spirit |
| 7:17 | Troll Headhunter |
| 7:30 | Peon |
| 7:30 | Peon |
| 7:35 | Peon |
| 7:35 | Peon |
| 7:46 | Spirit Lodge |
| 8:06 | Spirit Lodge |
| 8:10 | Belt of Giant Strength +6 |
| 8:10 | Scourge Bone Chimes |
| 8:22 | Troll Headhunter |
| 8:36 | Healing Salve |
| 8:36 | Scroll of Speed |
| 8:36 | Potion of Mana |
| 8:39 | War Stomp |
| 9:57 | Troll Headhunter |
| 9:58 | Fortress |
| 10:08 | Shaman Adept Training |
| 10:08 | Shaman |
| 10:08 | Shaman |
| 10:12 | Orc Burrow |
| 10:15 | Witch Doctor Adept Training |
| 10:15 | Troll Witch Doctor |
| 10:29 | Troll Regeneration |
| 10:33 | Peon |
| 10:33 | Peon |
| 10:39 | Chain Lighting |
| 10:53 | Demolisher |
| 10:53 | Demolisher |
| 12:00 | Endurance Aura |
| 12:09 | Thorium Ranged Weapons |
| 12:20 | Shaman Master Training |
| 12:23 | Peon |
| 12:23 | Peon |
| 12:27 | Orc Burrow |
| 12:59 | Burning Oil |
| 13:02 | Berserker Upgrade |
| 14:04 | Witch Doctor Master Training |
| 14:07 | Reinforced Defenses |
| 14:31 | Healing Wave |
| 14:53 | Troll Witch Doctor |
| 14:54 | Arcanite Ranged Weapons |
| Right click | 579 |
| Select group | 253 |
| Select | 214 |
| Build/train/purchase | 84 |
| Assign group | 43 |
| Use ability | 12 |
| Minimap ping | 10 |
| Chat | 7 |
| Misc. action | 6 |
| Item give/drop | 5 |
| Remove unit | 2 |